 Dungeon Crawl Stone Soup version 0.26-a0-771-g060e6a62af (webtiles) character file.

Game seed: 9306235415329332626

487 Queen the Ruffian (level 6, -9/62 HPs)
             Began as a Troll Monk on Nov 8, 2020.
             Killed by Freeze
             ... invoked by DerDa's ghost
              (14 damage)
             ... on level 4 of the Dungeon.
             The game lasted 00:03:43 (2889 turns).

Queen the Ruffian (Troll Monk)                      Turns: 2889, Time: 00:03:44

Health: -9/62      AC:  6    Str: 22    XL:     6   Next: 89%
Magic:  5/5        EV: 10    Int:  6    God:
Gold:   158        SH:  0    Dex: 12    Spells: 5/5 levels left

rFire    . . .     SeeInvis .     - Unarmed
rCold    . . .     Faith    .   (no shield)
rNeg     . . .     Spirit   .   a - +0 robe
rPois    .         Reflect  .   (helmet restricted)
rElec    .         Harm     .   (no cloak)
rCorr    .         Rampage  .   (gloves unavailable)
MR       .....                  (boots unavailable)
Stlth    +.........             (no amulet)
HPRegen  0.60/turn              (no ring)
MPRegen  0.09/turn              (no ring)

@: berserk cooldown, lightly drained
A: large, unfitting armour, claws 3, regeneration 1, shaggy fur 1, tough skin 3
a: no special abilities


You were on level 4 of the Dungeon.
You visited 1 branch of the dungeon, and saw 4 of its levels.

You collected 158 gold pieces.

Inventory:

Armour
 a - a +0 robe (worn)
Scrolls
 d - 3 scrolls of teleportation {unknown}
 f - 2 scrolls of remove curse {unknown}
 i - 3 scrolls of identify {unknown}
 k - a scroll of amnesia {unknown}
 l - a scroll of fear {unknown}
Potions
 c - 3 potions of curing {unknown}
 e - 2 potions of mutation {unknown}
 g - a potion of attraction {unknown}
 h - a potion of flight {unknown}
 j - 2 potions of heal wounds {unknown}


   Skills:
 + Level 4.2(3.9) Fighting
 - Level 2.4(2.1) Dodging
 - Level 1.0(0.7) Stealth
 * Level 6.6(6.3) Unarmed Combat


You had 5 spell levels left.
You didn't know any spells.
Your spell library was empty.

Dungeon Overview and Level Annotations

Branches:
Dungeon (4/15)
 Temple: D:4-7

Altars:
Nemelex Xobeh
Sif Muna

Annotations:
D:4 DerDa's ghost, amateur MfIE


Innate Abilities, Weirdness & Mutations

You are too large for most types of armour.
You have claws for hands.
Your natural rate of healing is unusually fast.
You are covered in fur. (AC +1)
You have extremely tough skin. (AC +3)


Message History

DerDa's ghost is moderately damaged.
DerDa's ghost gestures at you while chanting.
You are frozen.
You scratch DerDa's ghost but do no damage.
DerDa's ghost is moderately damaged.
DerDa's ghost gestures at you while chanting.
You are frozen.
* * * LOW HITPOINT WARNING * * *
DerDa's ghost hits you but does no damage.
You closely miss DerDa's ghost.
DerDa's ghost is moderately damaged.
DerDa's ghost hits you!
* * * LOW HITPOINT WARNING * * *
It was a potion of cancellation.
Your magical effects are unravelling.
You feel magically purged.
You feel yourself speed up.
DerDa's ghost points at you and mumbles some strange words.
You are frozen.
You die...

# #### # #..#####
############.##.⌠.##
'........>##.#.#.#.##
#########....'.)#†.$#
# #.#..'.W@..$# #
#.##.'.)#...# #
##.##.#.#K#.## #
#.....##.⌠.##
########...#..#####
......##...###.#
......##...# #.#
......##...# #.#
......##...# #.#


You could see DerDa's ghost.

Vanquished Creatures
  A sky beast (D:4)
  A big kobold (D:4)
  A hound (D:3)
  An orc priest (D:4)
  3 worker ants (D:4)
  Robin (D:3)
  A gnoll (D:1)
  7 adders
  An ooze (D:2)
  2 worms
  4 dart slugs
  3 leopard geckos
  6 orcs (D:4)
  6 bats
  4 giant cockroaches
  12 goblins
  3 hobgoblins
  3 jackals (D:3)
  18 kobolds
  2 quokkas (D:3)
  2 frilled lizards
  10 rats
92 creatures vanquished.

Notes
Turn   | Place    | Note
-------+----------+-------------------------------------------
     0 | D:1      | Queen the Troll Monk began the quest for the Orb.
     0 | D:1      | Reached XP level 1. HP: 22/22 MP: 0/0
   195 | D:1      | Reached XP level 2. HP: 29/29 MP: 1/1
   334 | D:1      | Reached XP level 3. HP: 36/36 MP: 2/2
   861 | D:2      | Reached skill level 4 in Unarmed Combat
  1288 | D:2      | Found a faded altar of an unknown god.
  1501 | D:3      | Reached XP level 4. HP: 45/45 MP: 3/3
  1587 | D:3      | Noticed Robin
  1595 | D:3      | Killed Robin
  1628 | D:3      | Reached XP level 5. HP: 48/53 MP: 4/4
  1671 | D:3      | Reached skill level 5 in Unarmed Combat
  2126 | D:4      | Noticed a sky beast
  2132 | D:4      | Killed a sky beast
  2132 | D:4      | Reached XP level 6. HP: 43/62 MP: 5/5
  2140 | D:4      | Reached skill level 6 in Unarmed Combat
  2223 | D:4      | Found a shimmering blue altar of Sif Muna.
  2370 | D:4      | Found a runed translucent gate.
  2370 | D:4      | Found a runed translucent gate.
  2370 | D:4      | Found a runed translucent gate.
  2371 | D:4      | Noticed DerDa's ghost (amateur MfIE)
  2371 | D:4      | Identified the +8 short sword of Untruth {chaos, rPois rF+}
  2569 | D:4      | Found a sparkling altar of Nemelex Xobeh.
  2889 | D:4      | Killed from afar by DerDa's ghost

Illustrated notes

Levels and vault maps discovered:
D:1:      kilobyte_arrival_exit_the_forest, layout_loops_ring
D:2:      layout_basic, chequers_ecumenical_altar_simple
D:3:      layout_basic, uniq_robin
D:4:      layout_basic, nicolae_overflow_crystal_walls, nemelex_altar_shiori,
          gammafunk_ghost_nasty_kobolds, item_on_display_a

Skill      XL: |  1  2  3  4  5  6 |
---------------+-------------------+-----
Fighting       | 3 4 |  4.2
Unarmed Combat | 4 5 6 |  6.6
Dodging        | |  2.4
Stealth        | |  1.0

Action                   |  1- 3 |  4- 6 || total
-------------------------+-------+-------++-------
Melee: Unarmed           |    83 |   130 ||   213
       Punch             |     1 |     4 ||     5
  Use: Potion            |       |     1 ||     1
 Stab: Sleeping          |     2 |     2 ||     4
Armor: Robe              |    31 |    40 ||    71
Dodge: Dodged            |    36 |    57 ||    93

Table legend: (Time is in decaauts)
 A = Elapsed time spent in this place.
 B = Non-inter-level travel time spent in this place.
 C = Inter-level travel time spent in this place.
 D = Time resting spent in this place.
 E = Time spent auto-exploring this place.
 F = Levels seen in this place.
 G = Mean time per level.
                   A        B        C        D        E       F      G
               +--------+--------+--------+--------+--------+-----+--------+
         Total |   2870 |   2682 |    188 |     76 |   2181 |   4 |  717.5 |
       Dungeon |   2870 |   2682 |    188 |     76 |   2181 |   4 |  717.5 |
               +--------+--------+--------+--------+--------+-----+--------+

Top non-repeatable levels by time:
     D:1: 787 daAuts
     D:4: 772 daAuts
     D:2: 708 daAuts
     D:3: 601 daAuts
